cohdb
Replays
Latest Replays
All Replays
Popular Replays
Top Player Replays
Match Explorer
How It Works
Community
CoH3 Stats
Reddit
Sign in to upload your games and track your stats! →
Sign in with Steam
Match 45418454
Unlisted
Match 45418454
Overview
Messages
Build Orders
End
Engineer Squad
Construct Barracks
Selects Advanced Infantry Battlegroup
1⁄4-ton 4x4 Truck
Riflemen Squad
M1 Mortar Team
Air Support Center
Selects Convert to Ranger Squad
Ranger Squad
Ranger Squad
P-47 Dive Bomb
Construct Tank Depot
P-47 Strafing Run
Selects Frontline Medical Station
Frontline Medical Station
Grasshopper Recon Run
Selects Ranger Weapon Training
Grasshopper Recon Run
M18 Hellcat Tank Destroyer
M18 Hellcat Tank Destroyer
Selects Artillery Observers
Selects M2A1 105mm Howitzer Emplacement
Frontline Medical Station
Grasshopper Recon Run
M18 Hellcat Tank Destroyer
Selects 155mm Rapid Artillery Barrage
155mm Rapid Artillery Barrage
Stormless
The Wolf, Duc Volpe
Kakamora
Frog
bogdan
いきざま
MatermesGK
FlyPigSWC
0
0
Comments
sign in to comment!
No comments posted yet!